 Dungeon Crawl Stone Soup version 0.29.1-15-g9cfb28693d (webtiles) character file.

Game seed: 15885785630698834927

700 monsoonserge the Insei (level 7, -6/53 HPs)
             Began as a Gnoll Transmuter on Apr 23, 2023.
             Mangled by Prince Ribbit (16 damage)
             ... on level 5 of the Dungeon.
             The game lasted 00:15:42 (5263 turns).

monsoonserge the Insei (Gnoll Transmuter)           Turns: 5263, Time: 00:15:43

Health: -6/53      AC:  4    Str:  9      XL:     7   Next: 65%
Magic:  15/15      EV: 14    Int: 14      God:
Gold:   262        SH:  0    Dex: 18 (19) Spells: 16/17 levels left

rFire   + . .      SeeInvis .     - Unarmed
rCold   . . .      Faith    .   (no shield)
rNeg    . . .      Spirit   .   o - +0 leather armour
rPois   .          Reflect  .   (no helmet)
rElec   .          Harm     .   A - +0 cloak
rCorr   .          Rampage  .   (no gloves)
Will    .....                   (no boots)
Stlth   ++........              (no amulet)
HPRegen 0.17/turn               j - +6 ring of dexterity
MPRegen 0.14/turn               D - ring of protection from fire

@: no status effects
A: fangs 1, strong nose, distributed training
a: no special abilities


You were on level 5 of the Dungeon.
You visited 1 branch of the dungeon, and saw 5 of its levels.
You also visited: Sewer.

You collected 262 gold pieces.

Inventory:

Hand Weapons
 w - a +0 sling
Missiles
 c - 42 stones
 f - 8 curare-tipped darts
 h - a throwing net
 v - 13 poisoned darts (quivered)
Armour
 d - a +0 ring mail
 o - a +0 leather armour (worn)
 A - a +0 cloak (worn)
 C - a +0 chain mail
Jewellery
 j - a +6 ring of dexterity (left hand)
 n - a ring of magical power
 D - a ring of protection from fire (right hand)
Scrolls
 a - 3 scrolls of teleportation {unknown}
 e - a scroll of summoning {unknown}
 g - 3 scrolls of immolation {unknown}
 i - a scroll of poison {unknown}
 k - 4 scrolls of enchant weapon {unknown}
 l - 3 scrolls of identify {unknown}
 q - 2 scrolls of enchant armour {unknown}
 r - a scroll of butterflies {unknown}
 x - a scroll of noise {unknown}
 y - 2 scrolls of fear {unknown}
 E - a scroll of vulnerability {unknown}
Potions
 b - a potion of lignification
 m - 4 potions of curing {unknown}
 p - a potion of ambrosia {unknown}
 s - a potion of might {unknown}
 t - a potion of invisibility {unknown}
 u - a potion of haste {unknown}
 z - a potion of degeneration {unknown}
 B - a potion of attraction {unknown}


   Skills:
 + Level 3.8 Fighting
 + Level 2.7 Short Blades
 + Level 2.7 Long Blades
 + Level 2.7 Axes
 + Level 2.7 Maces & Flails
 + Level 2.7 Polearms
 + Level 2.7 Staves
 + Level 2.7 Ranged Weapons
 + Level 2.7 Throwing
 + Level 2.7 Armour
 + Level 5.4 Dodging
 + Level 2.7 Stealth
 + Level 2.7 Shields
 + Level 7.1 Unarmed Combat
 + Level 5.7 Spellcasting
 + Level 2.2 Conjurations
 + Level 2.2 Hexes
 + Level 2.2 Summonings
 + Level 2.2 Necromancy
 + Level 2.2 Translocations
 + Level 4.4 Transmutations
 + Level 2.2 Fire Magic
 + Level 2.2 Ice Magic
 + Level 2.2 Air Magic
 + Level 2.2 Earth Magic
 + Level 2.2 Poison Magic
 + Level 3.0 Invocations
 + Level 2.7 Evocations


You had 16 spell levels left.
You knew the following spells:

 Your Spells              Type           Power      Damage    Failure   Level
a - Beastly Appendage     Tmut           32%        N/A       3%          1

Your spell library contained the following spells:

 Spells                   Type           Power      Damage    Failure   Level
 Wereblood                Tmut           16%        N/A       5%          2
 Spider Form              Tmut/Pois      13%        N/A       17%         3
 Ignite Poison            Fire/Tmut/Pois 12%        N/A       19%         3
 Conjure Flame            Conj/Fire      10%        6-21      26%         3
 Ice Form                 Ice/Tmut       13%        N/A       50%         4
 Sticky Flame             Conj/Fire      10%        2d3       65%         4


Dungeon Overview and Level Annotations

Branches:
Dungeon (5/15)              Sewer (visited)
 Temple: D:4-7

Altars:
Uskayaw

Annotations:
D:5 Prince Ribbit


Innate Abilities, Weirdness & Mutations

You have very sharp teeth.
Your uncanny sense of smell can sniff out nearby items.
Your experience applies equally to all skills.


Message History

You bite the gnoll, but do no damage.
The gnoll is moderately wounded.
The gnoll hits you with a +0 club.
You hit the gnoll but do no damage.
The gnoll is moderately wounded.
Your horns disappear.
Your talons disappear.
The gnoll hits you with a +0 club.
You barely miss the gnoll. You bite the gnoll, but do no damage.
The gnoll is moderately wounded.
You barely miss the gnoll. Your bite misses the gnoll.
The gnoll is moderately wounded.
The gnoll closely misses you.
You hit the gnoll.
The gnoll is heavily wounded.
An ufetubus comes into view.
The gnoll misses you.
The ufetubus shouts!
You hit the gnoll but do no damage.
The gnoll is heavily wounded.
The gnoll closely misses you.
You barely miss the gnoll. You bite the gnoll, but do no damage.
The gnoll is heavily wounded.
The gnoll hits you with a +0 club.
You hit the gnoll but do no damage.
The gnoll is heavily wounded.
The gnoll hits you with a +0 club.
You closely miss the gnoll.
The gnoll is heavily wounded.
The gnoll closely misses you.
You punch the gnoll!
You kill the gnoll!
You barely miss Prince Ribbit.
Prince Ribbit is heavily wounded.
Prince Ribbit hits you!
* * * LOW HITPOINT WARNING * * *
You miss Prince Ribbit.
You bite Prince Ribbit, but do no damage.
Prince Ribbit is heavily wounded.
Prince Ribbit misses you. Prince Ribbit hits you!
You die...

∆ ∆ ######
#..... .#.....
.......####
#(..(5F@.##
#.....##..#
####### # ######
##.#
####.....### #.#
#.♣....#.#.. #.#
#.≈≈...#...#
#.###≈~~~~.#.###
#..##♣~~~~)#.#
##..#P.~~~P..#
##
###...♣.P..###


You could see Prince Ribbit and an ufetubus.

Vanquished Creatures
  2 kobold brigands (Sewer)
  A scorpion (D:5)
  A quasit (D:5)
  A hound (D:5)
  2 jellies
  2 iguanas
  7 adders
  7 gnolls
  5 river rats
  2 shadow imps (D:5)
  2 white imps (D:5)
  2 ufetubi (D:5)
  3 worms (Sewer)
  3 dart slugs
  8 orcs
  3 bats
  7 endoplasms
  4 giant cockroaches
  4 hobgoblins
  8 jackals (D:1)
  11 kobolds
  5 quokkas
  5 ball pythons
  3 frilled lizards
  2 goblins
  12 rats
112 creatures vanquished.

Vanquished Creatures (others)
  4 demonic plants (D:5)
  3 plants (D:1)
7 creatures vanquished.

Grand Total: 119 creatures vanquished

Notes
Turn   | Place    | Note
-------+----------+-------------------------------------------
     0 | D:1      | monsoonserge the Gnoll Transmuter began the quest for the
                  | Orb.
     0 | D:1      | Reached XP level 1. HP: 17/17 MP: 6/6
   150 | D:1      | Reached XP level 2. HP: 23/23 MP: 7/7
   416 | D:1      | Found a faded altar of an unknown god.
   485 | D:1      | Reached skill level 5 in Spellcasting
   485 | D:1      | Reached XP level 3. HP: 28/28 MP: 6/9
   748 | D:1      | Reached skill level 1 in Invocations
  1081 | D:2      | Reached skill level 1 in Short Blades
  1081 | D:2      | Reached skill level 1 in Long Blades
  1081 | D:2      | Reached skill level 1 in Axes
  1081 | D:2      | Reached skill level 1 in Maces & Flails
  1081 | D:2      | Reached skill level 1 in Polearms
  1081 | D:2      | Reached skill level 1 in Staves
  1081 | D:2      | Reached skill level 1 in Ranged Weapons
  1081 | D:2      | Reached skill level 1 in Throwing
  1081 | D:2      | Reached skill level 1 in Armour
  1081 | D:2      | Reached skill level 1 in Stealth
  1081 | D:2      | Reached skill level 1 in Shields
  1081 | D:2      | Reached skill level 1 in Evocations
  1192 | D:2      | Identified the +1 robe of Impressiveness {*Slow rPois Dex+5
                  | Stlth-}
  1231 | D:2      | Reached XP level 4. HP: 34/34 MP: 9/11
  2231 | D:3      | Reached skill level 1 in Conjurations
  2231 | D:3      | Reached skill level 1 in Hexes
  2231 | D:3      | Reached skill level 1 in Summonings
  2231 | D:3      | Reached skill level 1 in Necromancy
  2231 | D:3      | Reached skill level 1 in Translocations
  2231 | D:3      | Reached skill level 1 in Fire Magic
  2231 | D:3      | Reached skill level 1 in Ice Magic
  2231 | D:3      | Reached skill level 1 in Air Magic
  2231 | D:3      | Reached skill level 1 in Earth Magic
  2231 | D:3      | Reached skill level 1 in Poison Magic
  2254 | D:3      | Found a glowing drain.
  2270 | D:3      | Reached XP level 5. HP: 29/40 MP: 12/12
  2273 | Sewer    | Entered a sewer
  2538 | Sewer    | Noticed a kobold brigand
  2550 | Sewer    | Killed a kobold brigand
  2826 | Sewer    | Noticed a kobold brigand
  2856 | Sewer    | Killed a kobold brigand
  2857 | Sewer    | Reached skill level 5 in Dodging
  2857 | Sewer    | Reached XP level 6. HP: 9/47 MP: 14/14
  4408 | D:5      | Entered Level 5 of the Dungeon
  4423 | D:5      | Reached skill level 7 in Unarmed Combat
  4423 | D:5      | Reached XP level 7. HP: 43/52 MP: 15/15
  4751 | D:5      | Found a hide-covered altar of Uskayaw.
  5220 | D:5      | Noticed Prince Ribbit
  5263 | D:5      | Mangled by Prince Ribbit

Illustrated notes

Levels and vault maps discovered:
D:1:      amcnicky_arrival_feature_with_door, layout_basic, serial_forest,
          infiniplex_forest_clump_small, infiniplex_forest_end_3,
          infiniplex_forest_end_1, infiniplex_forest_clump_curved,
          infiniplex_forest_clump_diagonal, basic_ecumenical_altar,
          minmay_misc_feat_tower, serial_park_tiny_2, minivault_26
D:2:      layout_rooms, grunt_ministairs_8, nicolae_titane
D:3:      layout_loops_ring, portal_sewer_entry_e
D:4:      layout_loops_ring, minmay_pentomino_pile
D:5:      layout_rooms, mainiacjoe_overflow_catwalk, serial_demonic,
          serial_demonic_f, serial_demonic_g, serial_demonic_f,
          serial_demonic_c, wad_rectangle_vault, uniq_prince_ribbit1

Skill      XL: |  1  2  3  4  5  6  7 |
---------------+----------------------+-----
Spellcasting   | 5 |  5.7
Invocations    | 1 2 3 |  3.0
Short Blades   | 1 2 |  2.7
Long Blades    | 1 2 |  2.7
Axes           | 1 2 |  2.7
Maces & Flails | 1 2 |  2.7
Polearms       | 1 2 |  2.7
Staves         | 1 2 |  2.7
Ranged Weapons | 1 2 |  2.7
Throwing       | 1 2 |  2.7
Armour         | 1 2 |  2.7
Stealth        | 1 2 |  2.7
Shields        | 1 2 |  2.7
Evocations     | 1 2 |  2.7
Conjurations   | 1 2 |  2.2
Hexes          | 1 2 |  2.2
Summonings     | 1 2 |  2.2
Necromancy     | 1 2 |  2.2
Translocations | 1 2 |  2.2
Fire Magic     | 1 2 |  2.2
Ice Magic      | 1 2 |  2.2
Air Magic      | 1 2 |  2.2
Earth Magic    | 1 2 |  2.2
Poison Magic   | 1 2 |  2.2
Fighting       | 3 |  3.8
Transmutations | 4 |  4.4
Dodging        | 5 |  5.4
Unarmed Combat | 7 |  7.1

Action                   |  1- 3 |  4- 6 |  7- 9 || total
-------------------------+-------+-------+-------++-------
Melee: Unarmed           |    86 |   190 |    74 ||   350
       Kick              |    19 |    35 |    16 ||    70
       Headbutt          |    17 |    27 |    10 ||    54
       Bite              |     4 |    20 |     8 ||    32
       Punch             |     4 |    13 |     3 ||    20
Throw: Dart              |       |       |     4 ||     4
 Cast: Beastly Appendage |    17 |    29 |     8 ||    54
  Use: Potion            |       |       |     1 ||     1
 Stab: Sleeping          |       |     4 |     2 ||     6
Armor: Robe              |    21 |       |       ||    21
       Leather armour    |       |    22 |    29 ||    51
       Skin              |       |       |     6 ||     6
Dodge: Dodged            |    49 |    96 |    88 ||   233
